 Dungeon Crawl Stone Soup version 0.22.1-2-g9c5b331383 (webtiles) character file.

1936 Jynx the Jinx (level 8, -1/36 HPs)
             Began as a Spriggan Enchanter on Dec 23, 2018.
             Was an Initiate of Ashenzari.
             Killed by divine providence
             ... invoked by an orc priest
              (14 damage)
             ... on level 7 of the Dungeon.
             The game lasted 00:13:48 (7858 turns).

Jynx the Jinx (Spriggan Enchanter)                  Turns: 7858, Time: 00:13:49

Health: -1/36      AC:  3    Str:  4    XL:     8   Next: 97%
Magic:  12/18      EV: 23    Int: 17    God:    Ashenzari [......]
Gold:   309        SH:  0    Dex: 18    Spells: 10/19 levels left

rFire    . . .     SeeInvis +   e - +3 dagger (drain)
rCold    . . .     Gourm    .   (shield restricted)
rNeg     . . .     Faith    .   b - +0 robe
rPois    .         Spirit   .   (helmet restricted)
rElec    .         Reflect  .   D - +0 cloak
rCorr    .         Harm     .   (gloves unavailable)
MR       +....                  (boots unavailable)
Stlth    ++++......             (no amulet)
HPRegen  0.12/turn              (no ring)
MPRegen  0.16/turn              (no ring)

@: very quick
A: very small, unfitting armour, see invisible, herbivore, speed 3, slow
metabolism 2
a: Curse Item, Renounce Religion


You were on level 7 of the Dungeon.
You worshipped Ashenzari.
Ashenzari was noncommittal.
You were hungry.

You visited 2 branches of the dungeon, and saw 8 of its levels.
You also visited: Sewer.

You collected 309 gold pieces.

Inventory:

Hand Weapons
 e - a +3 dagger of draining (weapon)
 l - a +0 dagger of pain
 p - a +1 short sword of holy wrath
Armour
 b - a +0 robe (worn)
 D - a +0 cloak (worn)
Jewellery
 u - an uncursed amulet of guardian spirit
Wands
 i - a wand of flame (55)
 y - a wand of random effects (30)
Scrolls
 f - 2 scrolls of magic mapping
 h - 2 scrolls of fear {unknown}
 k - a scroll of enchant armour {unknown}
 o - 2 scrolls of teleportation {unknown}
 q - a scroll of fog {unknown}
 t - 3 scrolls of identify
 v - a scroll of immolation {unknown}
 w - a scroll of random uselessness {unknown}
 z - a scroll of noise {unknown}
 B - a scroll of enchant weapon
Potions
 a - 2 potions of agility
 c - a potion of haste {unknown}
 g - 6 potions of curing
 j - a potion of ambrosia {unknown}
 m - 5 potions of heal wounds {unknown}
 n - a potion of flight {unknown}
 r - a potion of might {unknown}
 s - 3 potions of brilliance {unknown}
 x - a potion of mutation {unknown}
 A - a potion of berserk rage
 C - a potion of degeneration {unknown}
 E - a potion of cancellation {unknown}
Comestibles
 d - 6 rations


   Skills:
 + Level 5.1 Short Blades
 + Level 7.4 Dodging
 + Level 8.6 Stealth
 + Level 6.1 Spellcasting
 * Level 9.0 Hexes


You had 10 spell levels left.
You knew the following spells:

 Your Spells              Type           Power        Failure   Level  Hunger
a - Corona                Hex            #####..      1%          1    None
b - Ensorcelled Hibernat  Hex/Ice        ###...       3%          2    None
c - Confuse               Hex            #####...     1%          3    ##.....
d - Tukima's Dance        Hex            #####...     1%          3    ##.....

Your spell library contained the following spells:

 Spells                   Type           Power        Failure   Level  Hunger
 Dazzling Spray           Conj/Hex       ###...       6%          3    ##.....


Dungeon Overview and Level Annotations

Branches:
Dungeon (7/15)             Temple (1/1) D:5

Altars:
Ashenzari
Cheibriados
Dithmenos
Elyvilon
Fedhas
Hepliaklqana
Makhleb
Nemelex Xobeh
Okawaru
Qazlal
Ru
Sif Muna
Trog
Uskayaw
Vehumet
Wu Jian
Xom
Yredelemnul
Zin
The Shining One

Annotations:
D:6 2 transporters


Innate Abilities, Weirdness & Mutations

You are very small and have problems with some larger weapons.
You are too small for most types of armour.
You have supernaturally acute eyesight. (SInv)
You are a herbivore.
You cover ground extremely quickly.
You need to consume almost no food.


Message History

You hit the cyclops but do no damage. You drain the cyclops!
The cyclops is lightly wounded.
You catch the helpless cyclops completely off-guard!
You impale the cyclops!!
The cyclops is severely wounded.
You hit the cyclops. You drain the cyclops!
The cyclops is severely wounded.
The quokka completely misses you. The cyclops hits you!
You hit the cyclops.
The cyclops is almost dead.
The quokka misses you. The orc priest completely misses you.
You hit the cyclops.
The cyclops is almost dead.
The quokka bites you. The orc closely misses you.
Found a scroll labeled VUMUERREON.
The cyclops barely misses the orc.
The orc priest mumbles some strange prayers to Beogh against you.
Beogh smites you!
You die...

#................#
...........)....####
###.....##...[.....#
###...........# ###.
>.).###.....### ...
##.....#### ..
#..#..##
#.####.#...#
##.#..@..^.##
#...ro.....#####
#.?#.oo.........#
#.##............#
##..Co...........#
#..........(.....#
..................†#
.............(.....#
........$.........)#


You could see a cyclops (confused), an orc priest, 3 orcs and a quokka.

Vanquished Creatures
  Prince Ribbit (D:6)
  Sigmund (D:6)
  An orc warrior (D:7)
  A sky beast (D:7)
  2 ice beasts
  An ogre (D:4)
  A phantom (D:6)
  3 big kobolds (Sewer)
  A bullfrog (D:7)
  2 jellies
  4 hounds
  Crazy Yiuf (D:6)
  4 orc wizards
  Terence (D:2)
  An iguana (D:4)
  4 worker ants (D:4)
  A hound zombie (D:6)
  2 hound skeletons (D:4)
  8 gnolls (D:5)
  8 adders
  A river rat (D:4)
  4 oozes
  3 worms
  3 dart slugs
  5 leopard geckos
  16 orcs
  3 ball pythons
  5 bats
  8 giant cockroaches
  10 goblins
  4 hobgoblins
  4 jackals (D:3)
  22 kobolds
  6 quokkas
  7 frilled lizards
  A jackal skeleton (D:4)
  9 rats
159 creatures vanquished.

Vanquished Creatures (collateral kills)
  A gnoll (D:5)
1 creature vanquished.

Grand Total: 160 creatures vanquished

Notes
Turn   | Place    | Note
-------+----------+-------------------------------------------
     0 | D:1      | Jynx the Spriggan Enchanter began the quest for the Orb.
     0 | D:1      | Reached XP level 1. HP: 9/9 MP: 5/5
   631 | D:1      | Reached XP level 2. HP: 13/13 MP: 6/6
   797 | D:1      | Reached skill level 4 in Hexes
   973 | D:2      | Noticed Terence
  1207 | D:2      | Learned a level 2 spell: Ensorcelled Hibernation
  1214 | D:2      | Reached XP level 3. HP: 12/16 MP: 8/8
  1292 | D:2      | Learned a level 3 spell: Confuse
  1404 | D:2      | Killed Terence
  1404 | D:2      | Reached skill level 5 in Stealth
  1777 | D:2      | Reached XP level 4. HP: 21/21 MP: 9/9
  2324 | D:3      | Reached skill level 5 in Hexes
  2450 | D:3      | Learned a level 3 spell: Tukima's Dance
  2530 | D:3      | Noticed an ice beast
  2732 | D:3      | Killed an ice beast
  2732 | D:3      | Reached XP level 5. HP: 24/24 MP: 8/11
  3041 | D:4      | Reached XP level 6. HP: 28/28 MP: 12/12
  3042 | D:4      | Found a glowing drain.
  3123 | Sewer    | Entered a sewer
  3343 | Sewer    | Reached skill level 5 in Dodging
  3343 | Sewer    | Reached skill level 6 in Hexes
  3785 | Sewer    | Reached XP level 7. HP: 32/32 MP: 9/14
  4696 | D:4      | Reached skill level 7 in Hexes
  4796 | D:5      | Entered Level 5 of the Dungeon
  5229 | D:5      | Found a staircase to the Ecumenical Temple.
  5253 | Temple   | Entered the Ecumenical Temple
  5324 | Temple   | Became a worshipper of Ashenzari the Shackled
  5517 | D:5      | Reached skill level 5 in Spellcasting
  5938 | D:5      | Found an iron altar of Okawaru.
  6277 | D:6      | Found a transporter.
  6290 | D:6      | Noticed Sigmund
  6305 | D:6      | Killed Sigmund
  6305 | D:6      | Reached XP level 8. HP: 36/36 MP: 13/16
  6339 | D:6      | Found a runed door.
  6495 | D:6      | Noticed Prince Ribbit
  6499 | D:6      | Killed Prince Ribbit
  6499 | D:6      | Reached skill level 8 in Hexes
  6653 | D:6      | Found a transporter.
  6960 | D:6      | Noticed Crazy Yiuf
  6973 | D:6      | Killed Crazy Yiuf
  7777 | D:7      | Found a glowing silver altar of Zin.
  7777 | D:7      | Found a radiant altar of Vehumet.
  7780 | D:7      | Reached skill level 5 in Short Blades
  7827 | D:7      | Reached skill level 9 in Hexes
  7833 | D:7      | Noticed a cyclops
  7858 | D:7      | Killed from afar by an orc priest

Skill      XL: |  1  2  3  4  5  6  7  8 |
---------------+-------------------------+-----
Hexes          | 4 5 6 7 9 |  9.0
Spellcasting   | 3 4 5 6 |  6.1
Stealth        | 5 6 7 8 |  8.6
Short Blades   | 2 3 4 5 |  5.1
Dodging        | 4 5 6 7 |  7.4

Action                   |  1- 3 |  4- 6 |  7- 9 || total
-------------------------+-------+-------+-------++-------
Melee: Dagger            |    82 |   194 |   256 ||   532
 Cast: Corona            |     1 |       |       ||     1
       Confuse           |     1 |     8 |    28 ||    37
       Ensorcelled Hiber |       |     4 |     1 ||     5
       Tukima's Dance    |       |       |     7 ||     7
  Use: Scroll            |     4 |     2 |     2 ||     8
 Stab: Sleeping          |     5 |    13 |    17 ||    35
       Confused          |     1 |     3 |    11 ||    15
  Eat: Ration            |       |       |     4 ||     4
Armor: Robe              |     4 |    11 |     9 ||    24
Dodge: Dodged            |    39 |   131 |   215 ||   385
